AoeStats
← Malik Bhai

Arabia

510436625Analyzed
1v1 RM · 1d ago on Oct 1, 2026· 47m 20s· 2 players
Game mode
Random Map
Map size
Tiny (2 player)
Population
200
Speed
Normal
Resources
Standard
Victory
Conquest
Starting age
Dark Age
Ending age
Imperial Age
RankedLock teamsTeams togetherTeam positionsShared explorationLock speedFull tech treeHidden civsTurbo modeCheats
Victory
Defeat
🇵🇰 Britons · Pakistan
1607
+18
🇺🇸 Georgians · United States
1657
-18
Malik Bhai
6:48 Loom
9:00 Feudal Age
9:18 Man-at-Arms
10:36 Double-Bit Axe
14:46 Fletching
15:24 Horse Collar
21:59 Castle Age
22:05 Padded Archer Armor
22:36 Gold Mining
22:11 Crossbowman
23:01 Bodkin Arrow
24:05 Leather Archer Armor
24:44 Ballistics
34:50 Imperial Age
34:13 Bow Saw
35:36 Bracer
37:52 Chemistry
37:03 Clinker Construction
45:02 Scale Barding Armor
45:45 Ring Archer Armor
Dionysus
8:16 Feudal Age
6:31 Loom
8:54 Double-Bit Axe
8:51 Horse Collar
18:28 Castle Age
19:41 Fletching
20:34 Bow Saw
22:30 Elite Skirmisher
23:09 Bodkin Arrow
23:14 Padded Archer Armor
24:02 Heavy Plow
25:11 Leather Archer Armor
27:12 Town Watch
31:32 Ballistics
31:04 Gold Mining
35:19 Scale Barding Armor
35:25 Forging
40:11 Imperial Age
39:24 Wheelbarrow
40:23 Chain Barding Armor
40:58 Masonry
41:47 Plate Barding Armor
43:05 Iron Casting
43:19 Bloodlines
43:09 Husbandry
44:19 Bracer
46:17 Chemistry
45:48 Architecture
46:47 Blast Furnace
47:01 Cavalier
Connection lost

Rejoining the realm…

Still unreachable

The connection could not be restored.

Session expired

The server has moved on; the page needs a fresh start.